 Dungeon Crawl Stone Soup version 0.30-a0-900-g23479c02f2 (webtiles) character file.

Game seed: 17360350061692362923

4130 cheesebisquit the Grappler (level 10, -1/88 HPs)
             Began as a Ghoul Monk on Mar 18, 2023.
             Was a Priest of Makhleb.
             Slain by a meliai
             ... wielding a +0 war axe
              (7 damage)
             ... on level 9 of the Dungeon.
             The game lasted 00:33:49 (11439 turns).

cheesebisquit the Grappler (Ghoul Monk)            Turns: 11439, Time: 00:33:49

Health: -1/88      AC:  6    Str: 26    XL:     10   Next: 27%
Magic:  22/22      EV: 10    Int:  8    God:    Makhleb [***...]
Gold:   410        SH:  9    Dex: 11    Spells: 9/9 levels left

rFire   . . .      SeeInvis .      - Unarmed
rCold   + . .      Faith    .    w - +0 kite shield
rNeg    + + +      Spirit   .    e - +0 leather armour
rPois   ∞          Reflect  .    n - +1 hat {Int+3}
rElec   .          Rampage  .    g - +0 cloak
rCorr   .                        (no gloves)
Will    .....                    f - +0 pair of boots
Stlth   ++                       (no amulet)
HPRegen 0.00/turn                b - +6 ring of strength
MPRegen 0.18/turn                h - ring of magical power

@: inhibited regen
A: claws 1, cold resistance 1, negative energy resistance 3, inhibited
regeneration, torment resistance 2, devour on kill
a: Renounce Religion, Minor Destruction, Lesser Servant of Makhleb


You were on level 9 of the Dungeon.
You worshipped Makhleb.
Makhleb was most pleased with you.
You visited 1 branch of the dungeon, and saw 9 of its levels.

You collected 410 gold pieces.

Inventory:

Missiles
 y - 3 poisoned darts (quivered)
Armour
 e - a +0 leather armour (worn)
 f - a +0 pair of boots (worn)
 g - a +0 cloak (worn)
 n - a +1 hat of intelligence (worn)
 w - a +0 kite shield (worn)
Jewellery
 b - a +6 ring of strength (left claw)
 h - a ring of magical power (right claw)
 r - an amulet of faith
Wands
 c - a wand of flame (8)
Scrolls
 a - 4 scrolls of noise
 d - a scroll of amnesia
 k - a scroll of blinking
 l - a scroll of teleportation {unknown}
 m - a scroll of butterflies {unknown}
 q - a scroll of brand weapon {unknown}
 s - a scroll of immolation
 v - a scroll of fog
 x - a scroll of vulnerability {unknown}
Potions
 i - a potion of attraction
 j - a potion of lignification {unknown}
 o - a potion of mutation


   Skills:
 + Level 8.0 Fighting
 - Level 2.6 Dodging
 - Level 5.0 Stealth
 + Level 5.2 Shields
 * Level 10.5 Unarmed Combat
 + Level 6.4 Invocations


You had 9 spell levels left.
You didn't know any spells.
Your spell library contained the following spells:

 Spells                   Type           Power      Damage    Failure   Level
 Magic Dart               Conj           0%         1d3       80%         1
 Slow                     Hex            0%         N/A       80%         1
 Searing Ray              Conj           0%         2d4       91%         2
 Hailstorm                Conj/Ice       0%         3d3       99%         3
 Cause Fear               Hex            0%         N/A       100%        4
 Fulminant Prism          Conj/Hex       0%         3d5       100%        4
 Leda's Liquefaction      Hex/Erth       0%         N/A       100%        4
 Lee's Rapid Deconstruct  Erth           0%         3d4*      100%        5
 Conjure Ball Lightning   Conj/Air       0%         3x3d6     100%        6
 Simulacrum               Ice/Necr       0%         N/A       100%        6
 Discord                  Hex            0%         N/A       100%        8
 Disjunction              Tloc           0%         N/A       100%        8
 Dragon's Call            Summ           0%         N/A       100%        9
 Ice Form                 Ice/Tmut       Unusable   N/A       N/A         4
 Statue Form              Tmut/Erth      Unusable   N/A       N/A         6
 Dragon Form              Tmut           Unusable   N/A       N/A         7

Dungeon Overview and Level Annotations

Branches:
Dungeon (9/15)             Temple (0/1) D:6
   Lair: D:8-11         Orc: D:9-12

Altars:
Cheibriados
Makhleb
Okawaru
Qazlal
Sif Muna
Trog

Annotations:
D:6 2 transporters


Innate Abilities, Weirdness & Mutations

You are immune to poison.
You have sharp fingernails.
Your flesh is cold resistant. (rC+)
You are immune to negative energy. (rN+++)
You do not regenerate when monsters are visible.
You are immune to unholy pain and torment.
You thrive by killing the living.


Message History

The centaur is severely wounded.
You block the centaur's attack.
The centaur kicks you but does no damage.
You block the centaur's attack. The centaur closely misses you.
You mangle the centaur!!
You kill the centaur!
Makhleb accepts your kill.
You feel better.
You hear the faint creaking of a very distant portcullis.
You hear the faint creaking of a very distant portcullis.
You see here a +0 shortbow.
Found a stone staircase leading up.
a - 4 scrolls of noise (gained 1)
A meliai comes into view. It is wielding a +0 war axe.
There is a stone staircase leading up here. 2 meliai come into view.
A meliai is wielding a +0 hand axe and wearing a +0 robe of cold resistance.
A meliai is wielding a +0 hand axe and wearing a +0 leather armour of willpower.
The meliai buzzes angrily. x2
The meliai invokes the aid of its god against you.
Something smites you!
The meliai buzzes angrily.
You closely miss the meliai. The meliai hits you with a +0 war axe!
The meliai closely misses you.
The meliai mumbles some strange prayers to its god against you.
Something smites you! You block the meliai's attack. The meliai stings you!
Okay, then.
You claw the meliai!
The meliai is severely wounded.
The meliai hits you with a +0 war axe! You block the meliai's attack.
The meliai hits you with a +0 war axe!
* * * LOW HITPOINT WARNING * * *
The meliai stings you but does no damage.
The meliai calls upon its god to heal the meliai.
The meliai is healed somewhat.
The meliai closely misses you. The meliai stings you!
* * * LOW HITPOINT WARNING * * *
The meliai closely misses you.
The meliai stings you but does no damage.
You block the meliai's attack. The meliai stings you!
You die...

#.# #.# #.# #.#######
################........
........................
########y...............
#yy..............
#.@..............
#................
#................
#................
#################


You could see 3 meliai.

Vanquished Creatures
  Gastronok (D:8)
  Grinder (D:4)
  3 yaks (D:9)
  A steam dragon (D:8)
  A water moccasin (D:5)
  An orc warrior (D:7)
  2 ice beasts
  A black bear (D:8)
  3 centaurs
  An ogre (D:5)
  A phantom (D:5)
  2 bullfrogs
  A gnoll sergeant (D:8)
  3 scorpions (D:6)
  6 killer bees (D:8)
  A jelly (D:7)
  Crazy Yiuf (D:4)
  2 orc priests (D:4)
  A hound (D:5)
  4 iguanas
  10 orc wizards
  9 gnolls
  9 adders
  A shadow imp (D:7)
  A white imp (D:7)
  3 ufetubi
  2 worms
  A dart slug (D:5)
  29 orcs
  2 endoplasms (D:1)
  5 giant cockroaches
  6 goblins
  6 hobgoblins
  4 quokkas
  5 ball pythons
  5 bats
  11 frilled lizards
  5 kobolds
  3 rats
154 creatures vanquished.

Vanquished Creatures (others)
  3 orc wizards (D:7)
  6 plants (D:3)
9 creatures vanquished.

Grand Total: 163 creatures vanquished

Notes
Turn   | Place    | Note
-------+----------+-------------------------------------------
     0 | D:1      | cheesebisquit the Ghoul Monk began the quest for the Orb.
     0 | D:1      | Reached XP level 1. HP: 19/19 MP: 0/0
   190 | D:1      | Reached XP level 2. HP: 22/26 MP: 1/1
   337 | D:1      | Reached skill level 4 in Unarmed Combat
   898 | D:2      | Reached XP level 3. HP: 14/31 MP: 2/2
   922 | D:2      | Found a faded altar of an unknown god.
  1035 | D:2      | You fall into a shaft and drop 2 floors!
  1210 | D:3      | Reached XP level 4. HP: 38/40 MP: 3/3
  2039 | D:3      | Found a stormy altar of Qazlal.
  2112 | D:3      | Found a burning altar of Makhleb.
  2131 | D:3      | Reached skill level 5 in Unarmed Combat
  2138 | D:3      | Became a worshipper of Makhleb the Destroyer
  2138 | D:3      | Reached * piety under Makhleb
  2138 | D:3      | Reached ** piety under Makhleb
  2278 | D:4      | Reached XP level 5. HP: 43/47 MP: 4/4
  2708 | D:4      | Reached skill level 1 in Invocations
  2766 | D:4      | Found a snail-covered altar of Cheibriados.
  2858 | D:4      | Reached XP level 6. HP: 55/55 MP: 6/6
  3210 | D:4      | Found a runed translucent door.
  3211 | D:4      | Noticed Crazy Yiuf
  3261 | D:5      | Entered Level 5 of the Dungeon
  3265 | D:5      | Reached skill level 1 in Shields
  3421 | D:5      | Reached skill level 5 in Fighting
  3705 | D:5      | Noticed a water moccasin
  3715 | D:5      | Killed a water moccasin
  3716 | D:5      | Reached XP level 7. HP: 43/61 MP: 7/7
  3755 | D:5      | HP: 2/61 [iguana (2)]
  4415 | D:4      | Found a snail-covered altar of Cheibriados.
  4541 | D:4      | Noticed Grinder
  5264 | D:4      | Found a snail-covered altar of Cheibriados.
  5435 | D:4      | Killed Grinder
  5436 | D:4      | Reached skill level 6 in Unarmed Combat
  5573 | D:4      | Killed Crazy Yiuf
  6422 | D:6      | Found a transporter.
  6507 | D:6      | Reached XP level 8. HP: 70/70 MP: 9/9
  6583 | D:6      | Found a staircase to the Ecumenical Temple.
  6671 | D:6      | Reached skill level 7 in Unarmed Combat
  7252 | D:6      | Found a transporter.
  7299 | D:6      | Noticed a kobold demonologist
  7306 | D:6      | Noticed a kobold demonologist
  7812 | D:7      | Reached skill level 5 in Stealth
  8049 | D:7      | Reached skill level 8 in Unarmed Combat
  8104 | D:7      | Found a bloodstained altar of Trog.
  8446 | D:7      | Reached XP level 9. HP: 78/78 MP: 11/11
  8910 | D:8      | HP: 2/78 [steam dragon (4)]
  8912 | D:8      | Reached *** piety under Makhleb
  9224 | D:8      | Reached skill level 5 in Invocations
  9455 | D:8      | Found an iron altar of Okawaru.
  9556 | D:8      | Noticed Gastronok
  9877 | D:8      | Reached skill level 9 in Unarmed Combat
 10273 | D:8      | Found a shimmering blue altar of Sif Muna.
 10300 | D:8      | Got Sif Muna's Octavo of Doom
 10531 | D:8      | Found an iron altar of Okawaru.
 10555 | D:8      | Killed Gastronok
 10556 | D:8      | Reached skill level 5 in Shields
 10556 | D:8      | Reached skill level 10 in Unarmed Combat
 10556 | D:8      | Reached XP level 10. HP: 54/88 MP: 13/13
 10917 | D:8      | Found a shimmering blue altar of Sif Muna.
 11439 | D:9      | Slain by a meliai

Illustrated notes

Levels and vault maps discovered:
D:1:      amcnicky_arrival_choice, layout_loops_ring
D:2:      layout_loops_ring, shapermc_ecumenical_altar_mp_highgroup
D:3:      layout_loops_ring, lightli_temple_of_fire, marbit_many_paths,
          minmay_lizard_king
D:4:      layout_loops_cross, mainiacjoe_overflow_divided_tiny,
          nicolae_ossuary_entry_monument, st_stairs_7, uniq_grinder,
          uniq_crazy_yiuf_cottage
D:5:      layout_rooms, minmay_stone_trees_medium
D:6:      gammafunk_wand_slinger, layout_basic, temple_hall
D:7:      layout_basic, mainiacjoe_overflow_paths
D:8:      layout_loops_ring, zin_academy, led_sif_book, okawaru_trees_2,
          uniq_gastronok
D:9:      layout_long_grid, tgw_kikubaaqudgha, gammafunk_temple_overflow_statue,
          enter_bailey_3, minmay_between, uniq_maurice, uniq_grum

Skill      XL: |  1  2  3  4  5  6  7  8  9 10 |
---------------+-------------------------------+-----
Unarmed Combat | 4 5 6 8 10 | 10.5
Fighting       | 4 5 6 7 8 |  8.0
Invocations    | 1 2 3 4 6 |  6.4
Stealth        | 3 4 5 |  5.0
Shields        | 1 2 3 5 |  5.2
Dodging        | |  2.6

Action                     |  1- 3 |  4- 6 |  7- 9 | 10-12 || total
---------------------------+-------+-------+-------+-------++-------
  Melee: Unarmed           |   100 |   163 |   327 |    24 ||   614
         Punch             |     4 |     3 |       |       ||     7
  Throw: Dart              |       |       |       |     1 ||     1
 Invoke: Minor Destruction |       |     3 |     4 |       ||     7
         Lesser Servant of |       |       |     1 |       ||     1
  Evoke: Wand              |       |     5 |    15 |       ||    20
    Use: Potion            |     1 |       |    11 |       ||    12
         Scroll            |       |       |    15 |       ||    15
   Stab: Sleeping          |     4 |     1 |     3 |       ||     8
 Armour: Robe              |     4 |       |       |       ||     4
         Leather armour    |     9 |    32 |    59 |    12 ||   112
  Dodge: Dodged            |    35 |    78 |   116 |     7 ||   236
  Block: Kite shield       |       |    11 |   102 |    20 ||   133

Table legend: (Time is in decaauts)
 A = Elapsed time spent in this place.
 B = Non-inter-level travel time spent in this place.
 C = Inter-level travel time spent in this place.
 D = Time resting spent in this place.
 E = Time spent auto-exploring this place.
 F = Levels seen in this place.
 G = Mean time per level.
                   A        B        C        D        E       F      G
               +--------+--------+--------+--------+--------+-----+--------+
         Total |  11420 |  10823 |    597 |   1392 |   7841 |   9 | 1268.9 |
       Dungeon |  11420 |  10823 |    597 |   1392 |   7841 |   9 | 1268.9 |
               +--------+--------+--------+--------+--------+-----+--------+

Top non-repeatable levels by time:
     D:4: 3033 daAuts
     D:8: 2400 daAuts
     D:6: 1248 daAuts
     D:5: 1187 daAuts
     D:7: 1107 daAuts
     D:3: 846 daAuts
     D:1: 782 daAuts
     D:2: 587 daAuts
     D:9: 226 daAuts
